 Dungeon Crawl Stone Soup version 0.31-a0-152-g6aa68a64a1 (webtiles) character file.

Game seed: 10631698143915108875

2 shadowstone the Caller (level 1, -2/7 HPs)
             Began as a Felid Summoner on June 10, 2023.
             Frozen to death by an endoplasm (5 damage)
             ... on level 1 of the Dungeon.
             The game lasted 00:00:27 (68 turns).

shadowstone the Caller (Felid Summoner)               Turns: 68, Time: 00:00:28

Health: -2/7       AC:  1    Str:  4    XL:     1   Next: 25%
Magic:  4/4        EV: 17    Int: 16    God:
Gold:   0          SH:  0    Dex: 16    Spells: 3/4 levels left
                                        Lives:  0   Deaths: 0

rFire   . . .        (weapon unavailable)
rCold   . . .        (shield unavailable)
rNeg    . . .        (body armour unavailable)
rPois   .            (helmet unavailable)
rElec   .            (cloak unavailable)
rCorr   .            (gloves unavailable)
SInv    +            (boots unavailable)
Will    +....        (no amulet)
Stlth   ++           c - ring of willpower
HPRegen 0.21/turn    (no ring)
MPRegen 0.09/turn

%: no passive effects
@: quick
A: very small, claws 1, fangs 3, see invisible, speed 1, shaggy fur 1, stealthy
paws, no weapons or thrown items, no armour, multi-lived
a: no special abilities


You were on level 1 of the Dungeon.
You visited 1 branch of the dungeon, and saw 1 of its levels.

Inventory:

Jewellery
 c - a ring of willpower (left paw)
Potions
 a - a potion of magic
 b - a potion of brilliance {unknown}
 d - a potion of berserk rage {unknown}


   Skills:
 + Level 2.6 Dodging
 + Level 2.6 Stealth
 + Level 2.1 Spellcasting
 + Level 4.0 Summonings


You had 3 spell levels left.
You knew the following spells:

 Your Spells              Type           Power      Damage    Failure   Level
a - Summon Small Mammal   Summ           56%        N/A       4%          1

Your spell library contained the following spells:

 Spells                   Type           Power      Damage    Failure   Level
 Call Imp                 Summ           28%        N/A       6%          2
 Call Canine Familiar     Summ           14%        N/A       12%         3
 Summon Guardian Golem    Hex/Summ       8%         N/A       26%         3
 Summon Lightning Spire   Summ/Air       8%         N/A       65%         4


Dungeon Overview and Level Annotations

Branches:
Dungeon (1/15)

Altars:


Innate Abilities, Weirdness & Mutations

You have sharp claws.
You have razor-sharp teeth.
You have supernaturally acute eyesight. (SInv)
You cover ground quickly. (Speed+)
You are covered in fur. (AC +1)
Your paws help you pounce on unaware monsters.
You are incapable of wielding weapons or throwing items.
You cannot wear armour.
You gain extra lives every three experience levels.


Message History

Welcome, shadowstone the Felid Summoner.
It is said that the Orb of Zot exists deep within this dungeon.
Press ? for a list of commands and other information.
Found a bubbling brown potion and a scale mail.
Found two stairs.
b - a bubbling brown potion
Found a notched coral ring.
You see here a +0 scale mail.
c - a ring of willpower
There are no items here.
c - a ring of willpower (left paw)
Found a viscous coppery potion.
d - a viscous coppery potion A hobgoblin comes into view.
Found an embroidered scarf.
A rat comes into view.
Found a sedimented sapphire potion.
The hobgoblin shouts!
You scratch the hobgoblin.
The hobgoblin is heavily wounded.
The hobgoblin hits you.
You scratch the hobgoblin.
You kill the hobgoblin!
An endoplasm comes into view.
You see here a hobgoblin corpse.
You barely miss the rat.
The endoplasm quivers.
Your bite misses the rat. The rat misses you.
You scratch the rat but do no damage. You bite the rat.
You kill the rat!
You see here a rat corpse.
The endoplasm jiggles.
The endoplasm freezes you.
You are frozen.
The endoplasm freezes you.
You are frozen.
Ouch! That really hurt!
You die...

...... .. ......
... ...... ...
......#####.##
.............#
.............+
#.......[....#
#..!...@J....#
##.#.........#
#...†.....#
####.†.#+##
##....# #.##.# #.#
.#
##########.#######
.................#


You could see an endoplasm.

Vanquished Creatures
  A hobgoblin (D:1)
  A rat (D:1)
2 creatures vanquished.

Notes
Turn   | Place    | Note
-------+----------+-------------------------------------------
     0 | D:1      | shadowstone the Felid Summoner began the quest for the Orb.
     0 | D:1      | Reached XP level 1. HP: 7/7 MP: 4/4
    68 | D:1      | Frozen to death by an endoplasm

Illustrated notes

Levels and vault maps discovered:
D:1:      dpeg_arrival_ratfight, layout_basic

Action                     || total
---------------------------++-------
  Melee: Unarmed           ||     4
         Bite              ||     1
  Dodge: Dodged            ||     1

Table legend: (Time is in decaauts)
 A = Elapsed time spent in this place.
 B = Non-inter-level travel time spent in this place.
 C = Inter-level travel time spent in this place.
 D = Time resting spent in this place.
 E = Time spent auto-exploring this place.
 F = Levels seen in this place.
 G = Mean time per level.
                   A        B        C        D        E       F      G
               +--------+--------+--------+--------+--------+-----+--------+
         Total |     55 |     55 |      0 |      0 |      1 |   1 |   55.0 |
       Dungeon |     55 |     55 |      0 |      0 |      1 |   1 |   55.0 |
               +--------+--------+--------+--------+--------+-----+--------+

Top non-repeatable levels by time:
     D:1: 55 daAuts
